 Dungeon Crawl Stone Soup version 0.30-a0-439-g9e77e4d916 (webtiles) character file.

Game seed: 4696235572300090795

222 funkygono the Firebug (level 5, -3/35 HPs)
             Began as a Demonspawn Fire Elementalist on Dec 10, 2022.
             Slain by an orc
             ... wielding a +0 falchion
              (6 damage)
             ... on level 3 of the Dungeon.
             The game lasted 00:04:09 (3307 turns).

funkygono the Firebug (DsFE)                        Turns: 3307, Time: 00:04:10

Health: -3/35      AC:  4    Str:  8    XL:     5   Next: 66%
Magic:  3/10       EV: 12    Int: 19    God:
Gold:   161        SH:  0    Dex: 13    Spells: 5/11 levels left

rFire   . . .      SeeInvis .    i - +0 whip
rCold   . . .      Faith    .    (no shield)
rNeg    . . .      Spirit   .    a - +0 robe
rPois   .          Reflect  .    (no helmet)
rElec   .          Harm     .    (no cloak)
rCorr   .          Rampage  .    (no gloves)
Will    .....                    (no boots)
Stlth   +.........               (no amulet)
HPRegen 0.25/turn                (no ring)
MPRegen 0.12/turn                (no ring)

@: confused
A: thin metallic scales 1, condensation shield, demonic touch 1
a: no special abilities


You were on level 3 of the Dungeon.
You visited 1 branch of the dungeon, and saw 4 of its levels.

You collected 161 gold pieces.

Inventory:

Hand Weapons
 i - a +0 whip (weapon)
Missiles
 p - a throwing net
Armour
 a - a +0 robe (worn)
Scrolls
 c - a scroll of identify {unknown}
 d - a scroll of vulnerability {unknown}
 e - a scroll of fog {unknown}
 k - a scroll of enchant weapon {unknown}
 m - a scroll of torment {unknown}
 o - 2 scrolls of teleportation {unknown}
 q - a scroll of amnesia {unknown}
Potions
 b - a potion of magic
 f - a potion of lignification {unknown}
 g - a potion of ambrosia {unknown}
 h - a potion of cancellation {unknown}
 j - a potion of degeneration {unknown}
 l - a potion of curing {unknown}
 n - a potion of resistance {unknown}


   Skills:
 + Level 0.2 Fighting
 + Level 2.2 Dodging
 - Level 1.7 Stealth
 + Level 0.1 Shields
 + Level 3.5 Spellcasting
 + Level 2.8 Conjurations
 + Level 3.9 Fire Magic


You had 5 spell levels left.
You knew the following spells:

 Your Spells              Type           Power      Damage    Failure   Level
a - Foxfire               Conj/Fire      64%        2x1d7     3%          1
b - Scorch                Fire           36%        2d7       4%          2
c - Kindle Blastsparks    Fire/Tloc/Air  16%        2d11      26%         3

Your spell library contained the following spells:

 Spells                   Type           Power      Damage    Failure   Level
 Inner Flame              Hex/Fire       10%        N/A       19%         3
 Flame Wave               Conj/Fire      16%        2d7       34%         4


Dungeon Overview and Level Annotations

Branches:
Dungeon (4/15)
 Temple: D:4-7

Altars:


Innate Abilities, Weirdness & Mutations

You are partially covered in thin metallic scales. (AC +2)
A meltable shield of frost defends you. (SH +4)
Your touch may inflict minor irresistible damage on your foes.


Message History

You are more confused.
The orc hits you but does no damage.
Your magical contamination has completely faded away.
You're too confused to cast spells.
Sorry, you're not good enough to have a special ability.
You're too confused to cast spells.
You bump into the rock wall.
The orc is no longer more vulnerable to fire.
The orc wizard hits you with a +0 dagger.
The orc hits you but does no damage.
Unknown command.
You closely miss the orc.
The orc is severely wounded.
The orc wizard hits you with a +0 dagger.
The orc hits you but does no damage.
The orc wizard hits you with a +0 dagger.
The orc hits you but does no damage.
The orc wizard hits you but does no damage.
You hit the orc but do no damage.
The orc is severely wounded.
The orc wizard hits you with a +0 dagger.
* * * LOW HITPOINT WARNING * * *
The orc hits you with a +0 falchion.
* * * LOW HITPOINT WARNING * * *
The orc attacks as you move away! The orc closely misses you.
The orc wizard hits you but does no damage.
You see here a +0 flail.
You're too confused to move!
The orc wizard closely misses you. The orc barely misses you.
You're too confused to move!
The orc wizard mumbles some strange words.
The orc wizard flickers and vanishes!
Deactivating autopickup; reactivate with Ctrl-A.
The orc barely misses you.
Okay, then.
Okay, then.
You're too confused to cast spells.
Sorry, you're not good enough to have a special ability.
The orc attacks as you move away! The orc hits you with a +0 falchion.
You die...

...............#
#.#.#.#.#.#.#.
...............#
#.#.#.#.#.#.#.
........########
#.#.#.#.#.#.#. #######.#####
#####.#.#.#.#.#.#. #........#
#.....#.#.#.#.#.#. #........#
#.....#.#.#...#.## #........#
#...).#.#.#......'
#........####.....#.#.......##
#..........##@....#.#....#####
#.......†#.##{o...#.#...)#
#........#..>.....#.#....#
#........#..#....##.#....# #
#........#..#....##.#....# #
#........#..#######.###.## #
#........#..#.......# #.# #
##########..#.####.####.# #
#.......#..#.........#.# #


You could see an orc.

Vanquished Creatures
  Natasha (thrice) (D:2)
  3 gnolls (D:3)
  3 adders (D:2)
  2 worms
  3 dart slugs
  2 orcs (D:3)
  7 ball pythons
  9 bats
  7 endoplasms
  3 giant cockroaches (D:3)
  A goblin (D:2)
  8 hobgoblins
  7 jackals
  4 quokkas
  2 frilled lizards (D:3)
  4 kobolds (D:1)
  8 rats
76 creatures vanquished.

Vanquished Creatures (collateral kills)
  4 foxfires (D:2)
4 creatures vanquished.

Vanquished Creatures (others)
  196 foxfires
  23 plants (D:2)
219 creatures vanquished.

Grand Total: 299 creatures vanquished

Notes
Turn   | Place    | Note
-------+----------+-------------------------------------------
     0 | D:1      | funkygono the Demonspawn Fire Elementalist began the quest
                  | for the Orb.
     0 | D:1      | Reached XP level 1. HP: 13/13 MP: 3/3
   277 | D:1      | Gained mutation: A meltable shield of frost defends you.
                  | (SH +4) [demonic ancestry]
   277 | D:1      | Reached XP level 2. HP: 19/19 MP: 0/5
   564 | D:1      | Learned a level 2 spell: Scorch
   754 | D:1      | Reached XP level 3. HP: 17/24 MP: 0/6
  1014 | D:2      | Noticed Natasha
  1019 | D:2      | Killed Natasha
  1055 | D:2      | Noticed Natasha
  1060 | D:2      | Killed Natasha
  1061 | D:2      | Gained mutation: Your touch may inflict minor irresistible
                  | damage on your foes. [demonic ancestry]
  1061 | D:2      | Reached XP level 4. HP: 30/30 MP: 2/8
  1153 | D:2      | Found a faded altar of an unknown god.
  1209 | D:2      | Learned a level 3 spell: Kindle Blastsparks
  1542 | D:2      | Noticed Natasha
  1546 | D:2      | Killed Natasha
  1547 | D:2      | Gained mutation: You are partially covered in thin metallic
                  | scales. (AC +2) [demonic ancestry]
  1547 | D:2      | Reached XP level 5. HP: 35/35 MP: 4/10
  3307 | D:3      | Slain by an orc

Illustrated notes

Levels and vault maps discovered:
D:1:      ncdulo_wetmaze, layout_rooms
D:2:      layout_rooms, serial_bayou, serial_bayou_shore_a,
          serial_bayou_crossing, serial_bayou_lagoon_a, serial_bayou_lake_a,
          hellmonk_ecumenical_altar_heavens_door,
          nicolae_kite_square_tiling_tiny, minivault_4, corexii_hall_statues_l,
          uniq_natasha, uniq_terence
D:3:      layout_basic
D:4:      layout_gridville, lemuel_round_altar

Skill      XL: |  1  2  3  4 |
---------------+-------------+-----
Fire Magic     | 3 |  3.9
Dodging        | 2 |  2.2
Conjurations   | 2 |  2.8
Spellcasting   | 3 |  3.5
Fighting       | |  0.2
Stealth        | |  1.7
Shields        | |  0.1

Action                   |  1- 3 |  4- 6 || total
-------------------------+-------+-------++-------
Melee: Unarmed           |     3 |       ||     3
       Whip              |       |    30 ||    30
       Touch             |       |     9 ||     9
 Cast: Foxfire           |    43 |    73 ||   116
       Scorch            |     1 |    11 ||    12
Armor: Robe              |     5 |    16 ||    21
Dodge: Dodged            |    23 |    23 ||    46
Block: Other             |     4 |     3 ||     7

Table legend: (Time is in decaauts)
 A = Elapsed time spent in this place.
 B = Non-inter-level travel time spent in this place.
 C = Inter-level travel time spent in this place.
 D = Time resting spent in this place.
 E = Time spent auto-exploring this place.
 F = Levels seen in this place.
 G = Mean time per level.
                   A        B        C        D        E       F      G
               +--------+--------+--------+--------+--------+-----+--------+
         Total |   3360 |   3251 |    109 |     57 |   2733 |   4 |  840.0 |
       Dungeon |   3360 |   3251 |    109 |     57 |   2733 |   4 |  840.0 |
               +--------+--------+--------+--------+--------+-----+--------+

Top non-repeatable levels by time:
     D:3: 1188 daAuts
     D:2: 1147 daAuts
     D:1: 1022 daAuts
     D:4: 1 daAuts
